Map: Frozen Temple

Players

Miszu

  • Race: Terran Terran
  • League: Master

MomSpaghetti - Winner!

  • Race: Zerg Zerg
  • League: Master

VOD

Have the link to the VOD?

Description

Time

  • Played on: June 26, 2016, 11:08 a.m.
  • Length: 7:13
Show
View Real Time Build Order
Export as new Build Order

Miszu Terran 

Build Orders: Reaper Expand 

Get SALT Encoding   

  12  0:01  SCV  
  13  0:13  SCV  
  14  0:17  Supply Depot  
  14  0:25  SCV  
  15  0:39  SCV  
  15  0:40  Barracks  
  16  0:44  Refinery  
  16  0:51  SCV  
  17  1:03  SCV  
  18  1:16  SCV  
  19  1:27  Reaper  
  19  1:28  Orbital Command  
  20  1:41  Command Center  
  20  1:50  Supply Depot  
  20  1:54  SCV  
  20  2:00  Refinery  
  21  2:02  Barracks Reactor  
  21  2:06  SCV  
  22  2:21  Factory  
  22  2:23  SCV  
  23  2:36  SCV  
  24  2:41  Marine x2  
  26  2:48  SCV  
  27  2:53  Orbital Command  
  27  2:59  Marine x2  
  27  3:00  SCV  
  27  3:05  Starport, Factory Reactor  
  30  3:12  SCV  
  31  3:16  Marine  
  31  3:17  Marine  
  31  3:19  SCV  
  34  3:24  SCV  
  35  3:28  Supply Depot  
  35  3:31  SCV  
  36  3:36  Marine x2, SCV  
  39  3:43  SCV  
  39  3:47  Widow Mine  
  42  3:48  Medivac, SCV  
  42  3:49  Medivac  
  42  3:51  Supply Depot  
  42  3:54  Marine x2  
  49  3:56  SCV  
  49  4:01  SCV  
  51  4:03  Liberator  
  51  4:08  SCV  
  52  4:12  Marine x2  
  52  4:15  SCV  
  55  4:20  SCV  
  59  4:27  SCV  
  59  4:28  Command Center  
  60  4:32  SCV  
  60  4:35  Factory Tech Lab  
  62  4:41  Supply Depot  
  62  4:44  Supply Depot  
  61  4:45  Liberator x2  
  61  4:56  SCV  
  62  5:03  SCV  
  69  5:12  Marine x2  
  71  5:15  Engineering Bay x2  
  71  5:17  Barracks  
  71  5:18  Barracks  
  71  5:19  SCV x2  
  71  5:20  Barracks  
  73  5:21  Barracks  
  73  5:31  SCV x2  
  73  5:33  Supply Depot, Refinery x2  
  75  5:41  SCV  
  68  5:43  Marine x2, SCV  
  71  6:03  SCV x2  
  75  6:07  Barracks Tech Lab  
  75  6:08  Barracks Tech Lab, Barracks  
  75  6:10  Barracks, Orbital Command  
  75  6:11  Barracks  
  70  6:22  SCV x2  
  72  6:34  Marine x2  
  72  6:35  SCV  
  72  6:36  SCV, Orbital Command  
  72  6:39  Barracks Reactor  
  76  6:40  Barracks Reactor  
  76  6:46  Marine  
  76  6:47  Marine  
  71  6:52  Marine x2  
  71  6:54  Armory  
  74  6:58  SCV x2  
Show
View Real Time Build Order
Export as new Build Order

MomSpaghetti Zerg - Winner!

Build Orders: Hatch First 

Get SALT Encoding   

  12  0:12  Overlord  
  12  0:14  Drone  
  12  0:19  Drone  
  14  0:22  Extractor  
  14  0:24  Drone  
  15  0:34  Drone  
  16  0:45  Drone  
  17  0:57  Drone, Hatchery  
  17  1:12  Spawning Pool  
  17  1:16  Drone  
  17  1:19  Drone  
  18  1:28  Drone  
  19  1:50  Hatchery  
  18  1:59  Zergling x4, Queen  
  22  2:08  Queen  
  22  2:15  Overlord  
  24  2:20  Drone x2  
  25  2:23  Drone  
  25  2:26  Drone  
  27  2:31  Drone  
  27  2:37  Drone  
  29  2:41  Queen  
  31  2:50  Queen  
  33  2:55  Overlord  
  33  3:00  Overlord  
  33  3:04  Drone x2  
  35  3:06  Drone  
  36  3:17  Drone x3  
  40  3:20  Drone  
  40  3:28  Extractor x2  
  40  3:29  Drone x3  
  40  3:31  Drone  
  42  3:35  Overlord  
  42  3:38  Drone  
  42  3:39  Drone  
  42  3:40  Drone  
  45  3:43  Drone  
  45  3:45  Drone  
  45  3:46  Drone  
  45  3:48  Drone  
  49  3:53  Drone x2  
  51  4:01  Overlord  
  51  4:02  Overlord  
  51  4:08  Drone x2  
  53  4:10  Drone, Evolution Chamber x2  
  53  4:16  Metabolic Boost  
  52  4:19  Zergling x6  
  52  4:23  Spore Crawler  
  54  4:26  Drone x3  
  57  4:32  Zergling x2  
  57  4:33  Zergling x6  
  57  4:37  Zergling x6  
  64  4:38  Zergling x2  
  64  4:43  Zergling x2, Spore Crawler  
  64  4:44  Zergling x2  
  66  4:45  Zergling x2  
  66  4:47  Zergling x2  
  66  4:48  Zergling x2  
  69  4:55  Overlord x2  
  69  5:02  Zerg Melee Weapons Level 1, Zerg Ground Armor Level 1  
  69  5:09  Overlord x2  
  69  5:26  Zergling x6  
  69  5:27  Zergling x14  
  76  5:43  Drone x3  
  79  5:50  Baneling Nest  
  79  5:55  Zergling x6  
  80  6:03  Drone x3  
  81  6:15  Spore Crawler  
  80  6:25  Zergling x2  
  81  6:26  Overlord x4  
  81  6:39  Baneling  
  79  6:40  Baneling x18  
  79  6:41  Baneling  
  79  6:42  Zergling x8  
  79  6:43  Zergling x2  
  80  6:49  Zergling x2  
  80  6:50  Zergling x14  
Tags
 
Add a new tag
Caveats
  • Supply blocks, unpowered buildings, or Contaminate may cause inaccurate times.
  • Supply counts are checked every 10 seconds.